 Dungeon Crawl Stone Soup version 0.30.0-12-gd5a94ecb5d (console) character file.

Game seed: 7582214377450439852

199170 Mandevil the Executioner (level 17, -3/159 HPs)
             Began as a Minotaur Berserker on May 17, 2023.
             Was a High Priest of Trog.
             Killed by the air
             ... invoked by a wind drake
              (8 damage)
             ... on level 3 of the Shoals.
             The game lasted 01:05:18 (28176 turns).

Mandevil the Executioner (Minotaur Berserker)      Turns: 28176, Time: 01:05:18

Health: -3/159     AC: 21    Str: 30    XL:     17   Next: 83%
Magic:  0/16       EV: 20    Int:  8    God:    Trog [*****.]
Gold:   1038       SH:  0    Dex: 11    Spells: 16/16 levels left

rFire   . . .        b - +7 battleaxe {venom, SInv}
rCold   . . .        (shield currently unavailable)
rNeg    . . .        N - +0 chain mail of Behiun {rPois Int+4 Slay+5 Stlth+}
rPois   +            (helmet restricted)
rElec   .            u - +1 cloak {rCorr}
rCorr   +            X - +2 pair of gloves {Dex+3}
SInv    +            x - +0 pair of boots
Will    +++..        i - amulet "Eruweded" {Spirit Rampage rPois Regen+ Dex-2} Stlth
                     R - +4 ring of slaying
HPRegen 2.26/turn    q - +5 ring of evasion
MPRegen 0.15/turn

%: guardian spirit, rampage
@: strong-willed, regenerating, studying Dodging
A: horns 2, retaliatory headbutt
}: 1/15 runes: gossamer
a: Renounce Religion, Berserk, Trog's Hand, Brothers in Arms


You were on level 3 of the Shoals.
You worshipped Trog.
Trog was extremely pleased with you.
You visited 5 branches of the dungeon, and saw 29 of its levels.
You also visited: Gauntlet.

You collected 2991 gold pieces.
You spent 1953 gold pieces at shops.

Inventory:

Hand Weapons
 a - a +8 battleaxe of draining
 b - the +7 battleaxe of the Decaying God (weapon) {venom, SInv}
   (You bought it in a shop on level 2 of the Orcish Mines)

   SInv:      It lets you see invisible.
 l - a +8 heavy executioner's axe
 L - the +8 trident of the Octopus King {venom, rElec rPois}
   (You found it on level 6 of the Dungeon)

   rElec:     It insulates you from electricity.
   rPois:     It protects you from poison.
 P - a +5 antimagic battleaxe
Missiles
 d - 8 boomerangs of dispersal {=F=f}
 n - 32 boomerangs (quivered)
 E - 16 javelins
 S - 6 curare-tipped darts
 Z - 2 silver boomerangs
Armour
 u - a +1 cloak of preservation (worn)
 x - a +0 pair of boots (worn)
 B - a +3 chain mail of cold resistance
 I - a +2 chain mail of positive energy
 N - the +0 chain mail of Behiun (worn) {rPois Int+4 Slay+5 Stlth+}
   (You found it on level 2 of the Lair of Beasts)

   Int:       It affects your intelligence (+4).
   Slay:      It affects your accuracy & damage with ranged weapons and melee
   (+5).
   rPois:     It protects you from poison.
   Stlth:     It makes you more stealthy.
 X - a +2 pair of gloves of dexterity (worn)
Jewellery
 i - the amulet "Eruweded" (around neck) {Spirit Rampage rPois Regen+ Dex-2}
   (You found it on level 13 of the Dungeon)

   [amulet of guardian spirit]

   It causes incoming damage to be divided between your reserves of health and
   magic.
   Dex:       It affects your dexterity (-2).
   rPois:     It protects you from poison.
   Regen:     It increases your rate of health regeneration.
   Rampage:   It bestows one free step when moving towards enemies.
 q - a +5 ring of evasion (right hand)
 w - a ring of poison resistance
 M - a ring of willpower
 R - a +4 ring of slaying (left hand)
Wands
 p - a wand of flame (35)
 s - a wand of quicksilver (28)
 y - a wand of polymorph (13)
 A - a wand of charming (23)
 C - a wand of digging (38)
 G - a wand of mindburst (8)
 U - a wand of roots (23)
Scrolls
 e - 15 scrolls of teleportation
 g - 5 scrolls of brand weapon
 h - 4 scrolls of poison
 o - a scroll of immolation
 z - 5 scrolls of fog
 D - 3 scrolls of blinking
 H - a scroll of torment
 O - 5 scrolls of identify
 Q - a scroll of summoning
 V - 5 scrolls of magic mapping
 W - a scroll of silence
 Y - 4 scrolls of fear
Potions
 c - 3 potions of heal wounds
 f - 9 potions of curing
 j - 15 potions of ambrosia
 k - 3 potions of lignification
 m - 3 potions of haste
 r - 2 potions of cancellation
 v - 4 potions of might
 F - 3 potions of invisibility
 J - 5 potions of resistance
 K - 4 potions of mutation
 T - 4 potions of flight
Miscellaneous
 t - a box of beasts (inert)


   Skills:
 + Level 16.5 Fighting
 + Level 22.4 Axes
 + Level 14.0 Throwing
 - Level 15.2 Armour
 + Level 14.7 Dodging
 - Level 12.0 Evocations


You had 16 spell levels left.
You didn't know any spells.
Your spell library was empty.

Dungeon Overview and Level Annotations

Branches:
Dungeon (15/15)            Temple (0/1) D:4            Lair (5/5) D:8
 Shoals (3/4) Lair:3       Spider (4/4) Lair:3        Slime (0/5) Lair:5
    Orc (2/2) D:12            Elf (0/3) Orc:2        Vaults (0/5) D:13
 Depths (0/4) D:15        Gauntlet (visited)

Altars:
Ashenzari
Cheibriados
Elyvilon
Okawaru
Sif Muna
Trog
Vehumet
Wu Jian
Zin
The Shining One

Shops:
D:3 [   D:4 :?(:(   D:11 **   Orc:1 :   Orc:2 [*:(

Annotations:
D:9 exclusion: orange crystal statue
D:13 36 runed doors
Spider:3 1 runed translucent door, Vygaq's ghost, adept DjFE


Innate Abilities, Weirdness & Mutations

You have a pair of horns on your head.
You reflexively headbutt those who attack you in melee.


Message History

The harpy misses you. You furiously retaliate!
You headbutt the harpy, but do no damage.
The harpy barely misses you. The harpy attacks as you move away!
The harpy misses you. You furiously retaliate!
You headbutt the harpy! The harpy claws you but does no damage.
The merfolk misses you. You furiously retaliate!
You headbutt the merfolk!!
Your juvenile weirdfire beast hits the merfolk!
Your juvenile weirdfire beast grabs the merfolk.
Your juvenile weirdfire beast constricts the merfolk!
The wind drake bites your juvenile weirdfire beast.
The merfolk hits you with a +3 trident!
* * * LOW HITPOINT WARNING * * *
The harpy barely misses you. You furiously retaliate!
You headbutt the harpy! The harpy claws you but does no damage.
The merfolk hits your juvenile weirdfire beast with a +0 trident!
The harpy closely misses you. The harpy claws you but does no damage.
The merfolk hits you but does no damage.
You closely miss the merfolk. Your headbutt misses the merfolk.
You slice the merfolk!!
You kill the merfolk!
Trog accepts your kill.
You slice the harpy!!
The harpy looks as sick as possible!
You slice the harpy!!
The harpy is poisoned.
The harpy barely misses you. You furiously retaliate!
You headbutt the harpy!
You kill the harpy!
Trog accepts your kill. The harpy barely misses you.
The harpy closely misses you.
The wind drake bites your juvenile weirdfire beast but does no damage.
Your juvenile weirdfire beast hits the wind drake!
Your juvenile weirdfire beast constricts the merfolk!
The merfolk completely misses you.
The merfolk closely misses your juvenile weirdfire beast.
You hit the merfolk.
The merfolk is poisoned.
You headbutt the merfolk!!
The merfolk is heavily wounded.
The merfolk hits you from afar with a +0 halberd!
* * * LOW HITPOINT WARNING * * *
The wind drake flaps its wings at you. The air twists around and strikes you!
You die...

...P~~~~ #...PP~ #.....
.... #...# .....# ##..#
..##....# #.P.#
..#......##.%.###..~
........##..H).....~
.............##mH%...P.~~
.$.~~........mkH)....P~~~
........~~....mm...##..~~
.........~~~~..k.~.# .~~
~~~~~.......~~)..~...P ~~
~~~~~~).##..)~..~~~(.$~ ~
~~~~~~.##..~~..~~~~..~~
~~~~~~...<.~~~~~~~~..~~
~~~.~~~....~~...~~..~~~


You could see 2 wind drakes, 4 merfolk, a harpy (extremely poisoned) and a
friendly juvenile weirdfire beast (summoned).

Vanquished Creatures
  Saint Roka (Orc:2)
  Polyphemus (Shoals:2)
  Kirke (Shoals:2)
  Agnes (D:15)
  Roxanne (D:14)
  5 emperor scorpions
  Louise (D:15)
  A juggernaut zombie (D:15)
  4 ghost moths
  3 broodmothers
  Nessos (D:15)
  A minotaur (Gauntlet)
  6 entropy weavers
  3 vault guards (D:13)
  2 merfolk avatars
  Harold (D:9)
  6 hydras
  3 jorogumos
  A radroach (Spider:4)
  3 catoblepae
  5 centaur warriors
  2 boulder beetles
  19 death yaks
  2 merfolk aquamancers
  An alligator snapping turtle (Shoals:1)
  3 tengu warriors
  4 two-headed ogres
  A deep troll shaman (Lair:5)
  An orc high priest (Orc:2)
  A hell hog (Gauntlet)
  A vampire mage (D:15)
  Urug (D:10)
  Nergalle (Lair:3)
  Amaemon (D:10)
  2 sun moths
  2 skysharks
  7 skeletal warriors
  9 pharaoh ants
  15 orb spiders
  9 slime creatures (D:13)
  3 sea snakes
  3 wizards
  A lindwurm (Lair:5)
  5 harpies
  Pikel (D:4)
  3 steelbarb worms (Spider:4)
  2 necromancers
  4 oklob plants
  4 orc knights
  2 orc sorcerers (Orc:2)
  A deep elf pyromancer (D:13)
  6 cyclopes
  17 wolf spiders
  A moth of wrath (Spider:3)
  4 fauns
  3 manticores
  A frost giant skeleton (D:15)
  6 merfolk sirens
  5 black mambas
  8 elephants
  6 water nymphs
  7 demonic crawlers
  3 torpor snails
  An orange demon (D:10)
  11 cane toads
  A gargoyle (D:10)
  A kobold demonologist (D:12)
  Psyche (D:10)
  5 rime drakes
  An efreet (D:13)
  5 yaktaurs (D:14)
  2 freezing wraiths
  12 komodo dragons
  10 merfolk
  A tengu conjurer (D:13)
  6 hornets (Spider:4)
  11 trolls
  A polar bear (Lair:1)
  9 meliai
  A wind drake (Shoals:1)
  A wind drake (shapeshifter) (D:14)
  26 tarantellas
  8 blink frogs
  2 raiju (Gauntlet)
  2 snapping turtles
  2 dream sheep (Shoals:2)
  36 jumping spiders
  A centaur simulacrum (D:15)
  A spriggan skeleton (D:15)
  3 shadows (D:11)
  26 culicivoras
  Sigmund (D:3)
  4 fire bats (Gauntlet)
  5 water elementals
  6 hogs (Shoals:2)
  5 wyverns
  21 humans (D:13)
  2 wraiths (D:11)
  7 basilisks
  3 steam dragons
  93 yaks
  57 redbacks
  2 vampire mosquitoes (D:12)
  Edmund (D:5)
  3 wargs
  A human zombie (D:15)
  14 water moccasins
  5 acid dragons
  3 hell hounds (Gauntlet)
  28 orc warriors
  An ice beast (D:5)
  4 black bears
  19 centaurs
  7 ogres
  11 wolves
  2 phantoms (D:5)
  A lemure (D:4)
  A kobold brigand (D:7)
  13 bullfrogs
  2 scorpions (D:5)
  14 wights
  10 killer bees (D:9)
  3 howler monkeys
  4 electric eels
  5 jellies
  17 orc priests
  9 hounds
  Crazy Yiuf (D:7)
  A gnoll bouda (D:7)
  A sleepcap (D:5)
  10 iguanas
  2 lightning spires (Gauntlet)
  19 orc wizards
  5 hell rats (Lair:5)
  5 gnolls
  6 adders
  4 shadow imps (Gauntlet)
  An ufetubus (D:7)
  A worm (D:4)
  3 dart slugs
  66 orcs
  7 endoplasms
  4 giant cockroaches
  6 hobgoblins
  4 jackals (D:1)
  4 quokkas
  7 ball pythons
  4 bats
  3 frilled lizards
  10 goblins
  14 kobolds
  4 rats
992 creatures vanquished.

Vanquished Creatures (collateral kills)
  A merfolk impaler (Shoals:3)
  A wind drake (Shoals:3)
2 creatures vanquished.

Vanquished Creatures (others)
  2 howler monkeys (D:13)
  An orc wizard (D:8)
3 creatures vanquished.

Grand Total: 997 creatures vanquished

Notes
Turn   | Place    | Note
-------+----------+-------------------------------------------
     0 | D:1      | Mandevil the Minotaur Berserker began the quest for the
                  | Orb.
     0 | D:1      | Reached XP level 1. HP: 19/19 MP: 0/0
    32 | D:1      | Reached skill level 4 in Axes
    33 | D:1      | Reached XP level 2. HP: 21/27 MP: 1/1
   767 | D:2      | Found a faded altar of an unknown god.
   770 | D:2      | Reached XP level 3. HP: 34/34 MP: 2/2
   772 | D:2      | Reached ** piety under Trog
   863 | D:2      | Identified the +1 cloak "Keunk" {Stlth+}
  1415 | D:3      | Noticed Sigmund
  1466 | D:3      | Reached XP level 4. HP: 38/41 MP: 3/3
  1640 | D:3      | Found Juestraz's Armour Emporium.
  2189 | D:3      | Killed Sigmund
  2190 | D:3      | Reached skill level 5 in Fighting
  2190 | D:3      | Reached skill level 5 in Axes
  2190 | D:3      | Reached XP level 5. HP: 49/49 MP: 4/4
  2435 | D:4      | Found a glowing golden altar of the Shining One.
  2439 | D:4      | Found a glowing silver altar of Zin.
  2440 | D:4      | Found a white marble altar of Elyvilon.
  2527 | D:4      | Reached XP level 6. HP: 57/57 MP: 5/5
  2585 | D:4      | Reached skill level 6 in Axes
  2674 | D:4      | Reached skill level 5 in Armour
  2792 | D:4      | You are sucked into a shaft and drop 3 floors!
  2883 | D:6      | Reached XP level 7. HP: 52/64 MP: 4/6
  2883 | D:6      | Reached *** piety under Trog
  2987 | D:6      | Reached skill level 7 in Axes
  3248 | D:6      | Found a shimmering blue altar of Sif Muna.
  3516 | D:6      | Reached XP level 8. HP: 73/73 MP: 7/7
  3520 | D:5      | Entered Level 5 of the Dungeon
  3529 | D:5      | Reached skill level 8 in Axes
  3625 | D:5      | Reached skill level 9 in Axes
  3777 | D:4      | Found Doptibao's Magic Scroll Shop.
  3795 | D:4      | Found a staircase to the Ecumenical Temple.
  3810 | D:4      | Found Olixt's Weapon Shoppe.
  3833 | D:4      | Noticed Pikel
  3841 | D:4      | Killed Pikel
  3842 | D:4      | Reached XP level 9. HP: 66/82 MP: 6/8
  3942 | D:4      | Reached skill level 10 in Axes
  4030 | D:4      | Found Mohaph's Book Shop.
  4215 | D:3      | Bought a +1 cloak of preservation for 231 gold pieces
  4336 | D:5      | Noticed Edmund
  4342 | D:5      | Killed Edmund
  4963 | D:4      | Found Jaqu's Antique Weapon Shoppe.
  5034 | D:4      | Found Ciplozxo's Book Emporium.
  5181 | D:6      | Found the +8 trident of the Octopus King {venom, rElec
                  | rPois}
  5343 | D:6      | Found an iron altar of Okawaru.
  5874 | D:7      | Reached skill level 11 in Axes
  6060 | D:7      | Found a runed translucent door.
  6061 | D:7      | Noticed Crazy Yiuf
  6437 | D:7      | Killed Crazy Yiuf
  6550 | D:8      | Noticed a troll
  6558 | D:8      | Killed a troll
  6560 | D:8      | Reached **** piety under Trog
  6572 | D:8      | Reached skill level 12 in Axes
  6638 | D:8      | Reached XP level 10. HP: 86/93 MP: 9/9
  6689 | D:8      | Reached skill level 10 in Fighting
  6782 | D:8      | Found a bloodstained altar of Trog.
  6877 | D:8      | Found a staircase to the Lair.
  7303 | D:9      | Noticed Harold
  7323 | D:9      | Killed Harold
  7423 | D:9      | Reached skill level 13 in Axes
  7452 | D:9      | Reached skill level 10 in Armour
  7475 | D:9      | Noticed a two-headed ogre
  7477 | D:9      | Killed a two-headed ogre
  7550 | D:9      | Noticed an orange crystal statue
  7909 | D:9      | Reached skill level 14 in Axes
  8060 | D:9      | Found a radiant altar of Vehumet.
  8411 | D:10     | Entered Level 10 of the Dungeon
  8477 | D:10     | Noticed Urug
  8477 | D:10     | Noticed a gargoyle
  8493 | D:10     | Killed a gargoyle
  8494 | D:10     | Reached XP level 11. HP: 91/102 MP: 8/10
  8498 | D:10     | Killed Urug
  8999 | D:10     | Noticed Amaemon
  9006 | D:10     | Killed Amaemon
  9007 | D:10     | Reached skill level 15 in Axes
  9152 | D:10     | Found a snail-covered altar of Cheibriados.
  9152 | D:10     | Found an ornate altar of the Wu Jian Council.
  9288 | D:10     | Noticed Psyche
  9290 | D:10     | Paralysed by Psyche for 5 turns
  9296 | D:10     | Killed Psyche
  9409 | D:11     | Found Fonneeff's Assorted Antiques.
  9424 | D:11     | Bought a bubbling dark potion for 22 gold pieces
  9424 | D:11     | Bought a long copper wand for 100 gold pieces
  9424 | D:11     | Bought a scroll labelled ZERITE RIKI for 25 gold pieces
  9496 | D:11     | Reached ***** piety under Trog
  9938 | D:11     | Noticed a two-headed ogre
  9943 | D:11     | Killed a two-headed ogre
 10051 | D:11     | Found Efafrupunyim's General Store.
 10054 | D:11     | Bought a potion of resistance for 180 gold pieces
 10065 | D:11     | Reached skill level 16 in Axes
 10250 | Lair:1   | Entered Level 1 of the Lair of Beasts
 10293 | Lair:1   | Reached XP level 12. HP: 76/113 MP: 8/11
 10501 | Lair:1   | Identified the +6 broad axe of Circular Logic {heavy, Will-
                  | Str+2 SInv} (Trog gifted it to you on level 1 of the Lair
                  | of Beasts)
 10501 | Lair:1   | Received a gift from Trog
 10559 | Lair:1   | Noticed a death yak
 10559 | Lair:1   | Noticed a death yak
 10560 | Lair:1   | Noticed a death yak
 10561 | Lair:1   | Noticed a death yak
 10561 | Lair:1   | Noticed a death yak
 10562 | Lair:1   | Noticed a death yak
 10570 | Lair:1   | Killed a death yak
 10571 | Lair:1   | Killed a death yak
 10572 | Lair:1   | Killed a death yak
 10573 | Lair:1   | Reached skill level 17 in Axes
 10575 | Lair:1   | Killed a death yak
 10577 | Lair:1   | Killed a death yak
 10578 | Lair:1   | Killed a death yak
 10865 | Lair:1   | Identified the +1 robe "Xaihicyg" {-Tele rC+ rCorr Str+3}
 11513 | Lair:2   | Reached skill level 18 in Axes
 11744 | Lair:2   | Identified the +0 chain mail of Behiun {rPois Int+4 Slay+5
                  | Stlth+}
 11835 | Lair:2   | Noticed a death yak
 11836 | Lair:2   | Noticed a death yak
 11836 | Lair:2   | Noticed a death yak
 11838 | Lair:2   | Noticed a death yak
 11841 | Lair:2   | Noticed a death yak
 11844 | Lair:2   | Killed a death yak
 11845 | Lair:2   | Killed a death yak
 11846 | Lair:2   | Reached XP level 13. HP: 101/124 MP: 9/12
 12392 | Lair:3   | Noticed Nergalle
 12402 | Lair:3   | Killed Nergalle
 12511 | Lair:3   | Reached skill level 19 in Axes
 12616 | Lair:3   | Received a gift from Trog
 12893 | Lair:3   | Found a hole to the Spider Nest.
 13518 | Lair:4   | Reached skill level 15 in Fighting
 13631 | Lair:4   | Reached skill level 20 in Axes
 13662 | Lair:4   | Reached skill level 15 in Armour
 13662 | Lair:4   | Reached XP level 14. HP: 103/135 MP: 10/13
 14150 | Lair:4   | Found the +1 robe of Vines {NoPotionHeal Regen++++}
 14743 | Lair:5   | Entered Level 5 of the Lair of Beasts
 14924 | Lair:5   | Reached skill level 1 in Evocations
 15285 | Lair:5   | Found a staircase to the Slime Pits.
 15310 | Lair:5   | Received a gift from Trog
 15713 | Lair:5   | Reached skill level 5 in Dodging
 15797 | Lair:5   | Identified the +0 robe of Beapaafy {*Slow rPois Regen+
                  | Int-4}
 16212 | D:12     | Reached skill level 5 in Evocations
 16220 | D:12     | Found a gate leading to a gauntlet.
 16224 | D:12     | Found a staircase to the Orcish Mines.
 16257 | Gauntlet | Entered a Gauntlet
 16257 | Gauntlet | Found a transporter.
 16264 | Gauntlet | Found a transporter.
 16267 | Gauntlet | Found a transporter.
 16268 | Gauntlet | Found a transporter.
 16297 | Gauntlet | Found a transporter.
 16300 | Gauntlet | Found a transporter.
 16349 | Gauntlet | Found a transporter.
 16361 | Gauntlet | Identified the amulet "Wesad" {Faith rC+ rN++ Str-3 Stlth+}
 16522 | Gauntlet | Found a transporter.
 16522 | Gauntlet | Found a transporter.
 16523 | Gauntlet | Found a transporter.
 16545 | Gauntlet | Found a transporter.
 16545 | Gauntlet | Found a transporter.
 16545 | Gauntlet | Found a transporter.
 16571 | Gauntlet | Found a runed translucent door.
 16571 | Gauntlet | Found a runed translucent door.
 16575 | Gauntlet | Found a transporter.
 16622 | Gauntlet | Identified the +8 spear "Edorura Kisi" {pain, rElec rC+}
 16990 | Orc:1    | Entered Level 1 of the Orcish Mines
 17111 | Orc:2    | Entered Level 2 of the Orcish Mines
 17111 | Orc:2    | Found a staircase to the Elven Halls.
 17324 | Orc:2    | Received a gift from Trog
 17536 | Orc:2    | Noticed Saint Roka
 17553 | Orc:2    | Killed Saint Roka
 17554 | Orc:2    | Reached XP level 15. HP: 60/141 MP: 14/14
 18024 | Orc:2    | Found Cawoliamp's General Store.
 18144 | Orc:2    | Found Effurhokk's Book Shop.
 18217 | Orc:2    | Found Upuwyar's Antique Weapon Shop.
 18223 | Orc:2    | Bought an iridescent battleaxe for 195 gold pieces
 18223 | Orc:2    | Identified the +7 battleaxe of the Decaying God {venom,
                  | SInv} (You bought it in a shop on level 2 of the Orcish
                  | Mines)
 18358 | Orc:2    | Found Femal's Antique Armour Shop.
 18400 | Orc:2    | Bought a manual of Throwing for 1200 gold pieces
 18442 | Orc:1    | Reached skill level 1 in Throwing
 18503 | Orc:1    | Found Ketzuth's Book Shop.
 18782 | D:13     | Reached ****** piety under Trog
 18791 | D:13     | Received a gift from Trog
 18811 | D:13     | Reached skill level 5 in Throwing
 18994 | D:13     | Found a huge runed gate.
 18994 | D:13     | Found a huge runed gate.
 18994 | D:13     | Found a huge runed gate.
 18996 | D:13     | Found a huge runed gate.
 18997 | D:13     | Found a huge runed gate.
 18999 | D:13     | Found a huge runed gate.
 18999 | D:13     | Found a huge runed gate.
 18999 | D:13     | Found a huge runed gate.
 18999 | D:13     | Found a huge runed gate.
 19001 | D:13     | Found a huge runed gate.
 19004 | D:13     | Found a huge runed gate.
 19004 | D:13     | Found a huge runed gate.
 19004 | D:13     | Found a huge runed gate.
 19004 | D:13     | Found a huge runed gate.
 19004 | D:13     | Found a huge runed gate.
 19004 | D:13     | Found a huge runed gate.
 19005 | D:13     | Found a huge runed gate.
 19065 | D:13     | Found a huge runed gate.
 19065 | D:13     | Found a huge runed gate.
 19065 | D:13     | Found a huge runed gate.
 19065 | D:13     | Found a huge runed gate.
 19065 | D:13     | Found a huge runed gate.
 19066 | D:13     | Found a huge runed gate.
 19067 | D:13     | Found a huge runed gate.
 19068 | D:13     | Found a huge runed gate.
 19068 | D:13     | Found a huge runed gate.
 19070 | D:13     | Found a huge runed gate.
 19071 | D:13     | Found a huge runed gate.
 19079 | D:13     | Found a huge runed gate.
 19079 | D:13     | Found a huge runed gate.
 19079 | D:13     | Found a huge runed gate.
 19079 | D:13     | Found a huge runed gate.
 19079 | D:13     | Found a huge runed gate.
 19079 | D:13     | Found a huge runed gate.
 19080 | D:13     | Found a huge runed gate.
 19100 | D:13     | Found a huge runed gate.
 19451 | D:13     | Identified the amulet "Eruweded" {Spirit Rampage rPois
                  | Regen+ Dex-2}
 19475 | D:13     | Found a gate to the Vaults.
 20124 | D:14     | Found a broken altar of Ashenzari.
 20243 | D:14     | Noticed Roxanne
 20254 | D:14     | Killed Roxanne
 21144 | D:15     | Entered Level 15 of the Dungeon
 21287 | D:15     | Noticed Nessos
 21306 | D:15     | Killed Nessos
 21617 | D:15     | Noticed Louise
 21629 | D:15     | Killed Louise
 21669 | D:15     | Noticed Agnes
 21674 | D:15     | Killed Agnes
 21675 | D:15     | Reached skill level 10 in Throwing
 21700 | D:15     | Received a gift from Trog
 21701 | D:15     | Reached skill level 10 in Evocations
 21801 | D:15     | Found a staircase to the Depths.
 22645 | Spider:1 | Entered Level 1 of the Spider Nest
 22655 | Spider:1 | Reached XP level 16. HP: 131/149 MP: 12/15
 22901 | Spider:1 | Identified a scroll of acquirement
 22902 | Spider:1 | Acquired a manual of Dodging
 23039 | Spider:1 | Received a gift from Trog
 23333 | Spider:2 | Reached skill level 21 in Axes
 23462 | Spider:2 | Reached skill level 10 in Dodging
 24116 | Spider:3 | Found a runed translucent door.
 24276 | Spider:3 | Noticed Vygaq's ghost (adept DjFE)
 24786 | Spider:4 | Entered Level 4 of the Spider Nest
 25001 | Spider:4 | Received a gift from Trog
 25141 | Spider:4 | Reached XP level 17. HP: 151/156 MP: 14/16
 26068 | Spider:4 | Received a gift from Trog
 26479 | Spider:4 | Paralysed by a hornet for 2 turns
 26489 | Spider:4 | Reached skill level 22 in Axes
 26528 | Spider:4 | Got a gossamer rune of Zot
 26845 | Shoals:1 | Entered Level 1 of the Shoals
 27591 | Shoals:2 | Received a gift from Trog
 27601 | Shoals:2 | Noticed Kirke
 27627 | Shoals:2 | Killed Kirke
 27921 | Shoals:2 | Noticed Polyphemus
 27944 | Shoals:2 | Killed Polyphemus
 28176 | Shoals:3 | HP: 5/159 [merfolk/+0 halberd[a merfolk impaler] (13)]
 28176 | Shoals:3 | Killed from afar by a wind drake

Illustrated notes

Levels and vault maps discovered:
D:1:      dpeg_arrival_fog, layout_loops_ring
D:2:      minmay_wonky_spiral, layout_basic, ebering_ecumenical_altar_webs
D:3:      layout_basic, serial_shops, shop, minmay_crystal_room, uniq_sigmund
D:4:      minmay_polygon_palace, layout_gridville, dreamdust_divine_triumvirate,
          minmay_temple_entry_statues, serial_shops, shop, shop, shop,
          nicolae_shop_peninsula, shop, eino_small_chamber_without_monster,
          minmay_checkerbox, uniq_pikel
D:5:      layout_basic, kennysheep_pointless_box, uniq_edmund
D:6:      layout_basic, old_standard_altar, lemuel_tele_altar
D:7:      layout_loops_ring, minmay_misc_feat_enclosed, uniq_crazy_yiuf_cottage
D:8:      layout_rooms, nicolae_overflow_crystal_walls, erik_lair_island,
          minmay_strange_pillars
D:9:      layout_gridville, lemuel_round_altar, minmay_protected_statue,
          uniq_harold
D:10:     layout_roguey, gammafunk_temple_overflow_elements,
          kennysheep_generic_room_10, uniq_urug, uniq_psyche, uniq_amaemon
D:11:     layout_roguey [special_room_orc], serial_shops, shop,
          nicolae_shop_dealshenge
D:12:     layout_big_octagon, david_orc_2, gauntlet_entry_generic
D:13:     minmay_connected_triangles_in_corner, layout_basic,
          grunt_vaults_entry_tiered, not_door_vault_due
D:14:     layout_layer_cave, nicolae_ashenzari_panopticon, uniq_roxanne
D:15:     gammafunk_depths_entry_grave, layout_layer_cave,
          dreamdust_princess_corridor, minmay_misc_feat_rows, uniq_agnes,
          uniq_louise, uniq_nessos
Lair:1:   layout_chaotic_city, grunt_megastairs_5, serial_bayou_shore_a,
          infiniplex_staircase_pool_2
Lair:2:   layout_long_grid, grunt_megastairs_2
Lair:3:   beast_lair_carwin_large_4, layout_chaotic_city,
          nicolae_shoals_entry_flooding, hellmonk_spider_entry_life_and_decay,
          uniq_nergalle
Lair:4:   layout_roguey, hellmonk_guarded_unrand_vines
Lair:5:   grunt_lair_end_beastmaster, layout_cellular_growth,
          nicolae_slime_entry_slimehenge, patterned_corridor
Shoals:1: layout_shoals
Shoals:2: layout_shoals, uniq_kirke, uniq_polyphemus
Shoals:3: layout_shoals
Spider:1: layout_spider_delve, nicolae_spider_circle_web
Spider:2: layout_spider_delve
Spider:3: layout_spider_delve, ebering_ghost_inner_flame
Spider:4: spider_rune_water
Orc:1:    layout_caves, serial_shops, shop
Orc:2:    grunt_orc_cross, layout_diamond_mine, basic_altar

Skill      XL: |  1  2  3  4  5  6  7  8  9 10 11 12 13 14 15 16 17 |
---------------+----------------------------------------------------+-----
Fighting       | 4 5 6 7 8 9 11 12 14 15 16 | 16.5
Axes           | 4 5 6 7 9 12 14 16 18 20 21 22 | 22.4
Armour         | 3 4 5 6 7 9 10 12 13 15 | 15.2
Evocations     | 6 10 11 12 | 12.0
Dodging        | 8 9 12 14 | 14.7
Throwing       | 10 12 14 | 14.0

Action                     |  1- 3 |  4- 6 |  7- 9 | 10-12 | 13-15 | 16-18 || total
---------------------------+-------+-------+-------+-------+-------+-------++-------
  Melee: Hand axe          |    79 |    83 |    27 |       |       |       ||   189
         Headbutt          |    11 |    15 |    28 |    61 |   182 |   168 ||   465
         Battleaxe         |       |       |   136 |   337 |   674 |   636 ||  1783
         Trident           |       |       |       |       |    27 |       ||    27
  Throw: Dart              |       |       |       |       |     4 |     3 ||     7
         Boomerang         |       |       |       |       |     2 |    36 ||    38
 Invoke: Berserk           |       |     1 |     2 |     1 |     4 |       ||     8
         Trog's Hand       |       |       |       |     2 |     8 |     4 ||    14
         Brothers in Arms  |       |       |       |       |       |     1 ||     1
  Evoke: Wand              |       |       |     3 |     4 |       |       ||     7
         Box of beasts     |       |       |       |       |       |     1 ||     1
    Use: Scroll            |     1 |     6 |     9 |     6 |    11 |     7 ||    40
         Potion            |       |       |       |       |       |     3 ||     3
   Stab: Petrified         |       |       |       |       |       |     7 ||     7
         Petrifying        |       |       |       |       |       |     2 ||     2
 Armour: Animal skin       |    11 |       |       |       |       |       ||    11
         Chain mail        |    25 |    57 |    75 |   151 |   211 |   281 ||   800
  Dodge: Dodged            |    48 |    41 |   129 |   251 |   418 |   508 ||  1395
